 Dungeon Crawl Stone Soup version 0.30-a0-782-ge64f9170bb (webtiles) character file.

Game seed: 4349395849719860090

179 Angani the Magician (level 5, -5/38 HPs)
             Began as a Draconian Hedge Wizard on Mar 7, 2023.
             Slain by Natasha (7 damage)
             ... on level 4 of the Dungeon.
             The game lasted 00:06:50 (3458 turns).

Angani the Magician (Draconian Hedge Wizard)        Turns: 3458, Time: 00:06:51

Health: -5/38      AC:  5    Str: 12    XL:     5   Next: 32%
Magic:  6/11       EV:  9    Int: 17    God:
Gold:   70         SH:  0    Dex: 10    Spells: 5/12 levels left

rFire   . . .      SeeInvis .    r - +1 short sword (holy)
rCold   . . .      Faith    .    (no shield)
rNeg    . . .      Spirit   .    (body armour unavailable)
rPois   .          Reflect  .    b - +0 hat
rElec   .          Harm     .    (no cloak)
rCorr   .          Rampage  .    (no gloves)
Will    .....                    (no boots)
Stlth   ++                       (no amulet)
HPRegen 0.26/turn                (no ring)
MPRegen 0.12/turn                (no ring)

@: brilliant, grasped by roots, very slightly contaminated, slowed, constricted,
very slow
A: AC +5, unfitting armour, cold-blooded
a: no special abilities


You were on level 4 of the Dungeon.
You visited 1 branch of the dungeon, and saw 4 of its levels.

You collected 100 gold pieces.
You spent 30 gold pieces at shops.

Inventory:

Hand Weapons
 r - a +1 short sword of holy wrath (weapon)
Armour
 b - a +0 hat (worn)
 l - an orb of mayhem
Scrolls
 a - a scroll of magic mapping {unknown}
 d - a scroll of teleportation
 e - 2 scrolls of enchant weapon {unknown}
 f - a scroll of brand weapon {unknown}
 i - 2 scrolls of noise {unknown}
 j - 2 scrolls of amnesia {unknown}
 o - a scroll of silence {unknown}
 p - a scroll of identify {unknown}
 t - a scroll of vulnerability {unknown}
Potions
 c - a potion of magic
 g - a potion of mutation {unknown}
 h - a potion of haste {unknown}
 k - a potion of curing {unknown}
 m - a potion of attraction {unknown}
 n - a potion of brilliance
 q - a potion of might {unknown}
 s - a potion of heal wounds {unknown}


   Skills:
 - Level 1.7 Dodging
 - Level 1.7 Stealth
 + Level 4.2 Spellcasting
 - Level 2.3 Conjurations
 - Level 1.0 Summonings
 - Level 1.0 Translocations
 - Level 1.3 Air Magic
 + Level 2.7 Poison Magic


You had 5 spell levels left.
You knew the following spells:

 Your Spells              Type           Power      Damage    Failure   Level
a - Magic Dart            Conj           68%        1d6       6%          1
b - Poisonous Vapours     Pois/Air       30%        N/A       10%         2
c - Olgreb's Toxic Radia  Pois           19%        N/A       45%         4

Your spell library contained the following spells:

 Spells                   Type           Power      Damage    Failure   Level
 Sting                    Tmut/Pois      48%        1d5       9%          1
 Cigotuvi's Dreadful Rot  Necr/Pois/Air  24%        N/A       14%         2
 Slow                     Hex            20%        N/A       16%         1
 Blink                    Tloc           20%        N/A       16%         2
 Call Imp                 Summ           10%        N/A       16%         2
 Mephitic Cloud           Conj/Pois/Air  16%        N/A       19%         3
 Tukima's Dance           Hex            5%         N/A       43%         3
 Passage of Golubria      Tloc           10%        N/A       71%         4
 Yara's Violent Unravell  Hex/Tmut       2%         3d3       99%         5


Dungeon Overview and Level Annotations

Branches:
Dungeon (4/15)
 Temple: D:4-7

Altars:

Shops:
D:1 *

Annotations:
D:3 Grinder, Sigmund
D:4 Natasha


Innate Abilities, Weirdness & Mutations

Your plain brown scales are hard. (AC +5)
You cannot fit into any form of body armour.
You are cold-blooded and may be slowed by cold attacks.


Message History

Press: ? - help, Q - select action, (/) - cycle Shift-Dir - straight line, f/p - Natasha
Aim: Natasha, carrying a wand of roots (4) (heavily wounded, very poisoned, 100% to hit)
The magic dart hits Natasha but does no damage.
Natasha is heavily wounded.
The grasping roots constrict you.
* * * LOW HITPOINT WARNING * * *
Unknown command.
Aiming: Magic Dart (safe; 6% risk of failure)
Press: ? - help, Q - select action, (/) - cycle Shift-Dir - straight line, f/p - Natasha
Aim: Natasha, carrying a wand of roots (4) (heavily wounded, very poisoned, 100% to hit)
The magic dart hits Natasha.
Natasha is heavily wounded.
Natasha barely misses you. The grasping roots constrict you.
* * * LOW HITPOINT WARNING * * *
The grasping roots release their grip on you.
Unknown command.
It was a potion of brilliance.
You feel clever all of a sudden.
Natasha wildly gestures.
You feel troubled.
Natasha stares at you and mumbles some strange words.
You feel yourself slow down.
Aiming: Magic Dart (safe; 6% risk of failure)
Press: ? - help, Q - select action, (/) - cycle Shift-Dir - straight line, f/p - Natasha
Aim: Natasha, carrying a wand of roots (4) (severely wounded, very poisoned, 100% to hit)
You feel a surge of power!
The magic dart hits Natasha.
Natasha is almost dead.
Natasha zaps a wand.
The roots erupt in riotous growth!
The grasping roots grab you!
Natasha is unaffected.
The grasping roots constrict you.
* * * LOW HITPOINT WARNING * * *
You hear a shout!
Aiming: Magic Dart (safe; 6% risk of failure)
Press: ? - help, Q - select action, (/) - cycle Shift-Dir - straight line, f/p - Natasha
Aim: Natasha, carrying a wand of roots (3) (almost dead, poisoned, 100% to hit)
You feel a surge of power!
You miscast Magic Dart.
You are very lightly contaminated with residual magic.
Nothing appears to happen.
Natasha claws you!
You die...

##.........##..##.##..##.
....>.......##..#.#..##..
.......###...##.....##...
......## ##...#.....#....
#.....## ##.............
###....# ##............
##...## ##....r†.....
##...## #.h.........
##...#####..@......).
##....#........###..
#..........####
##.......### #......##
##......# ###.....<.#
###.........#
##...........#


You could see Natasha (poisoned) and a quokka.

Vanquished Creatures
  Natasha (twice) (D:4)
  An iguana (D:3)
  A gnoll (D:2)
  4 adders
  5 orcs
  2 giant cockroaches (D:2)
  4 goblins
  7 hobgoblins
  2 jackals (D:2)
  7 quokkas
  7 ball pythons
  3 bats
  A frilled lizard (D:1)
  3 kobolds
  5 rats
54 creatures vanquished.

Vanquished Creatures (others)
  2 plants (D:3)
2 creatures vanquished.

Grand Total: 56 creatures vanquished

Notes
Turn   | Place    | Note
-------+----------+-------------------------------------------
     0 | D:1      | Angani the Draconian Hedge Wizard began the quest for the
                  | Orb.
     0 | D:1      | Reached XP level 1. HP: 14/14 MP: 4/4
   325 | D:1      | Reached XP level 2. HP: 20/20 MP: 1/6
   467 | D:1      | Learned a level 2 spell: Poisonous Vapours
   482 | D:1      | Found Geimpip's General Store.
   610 | D:1      | Bought a scroll of teleportation for 30 gold pieces
  1596 | D:2      | Found a faded altar of an unknown god.
  1728 | D:2      | Reached XP level 3. HP: 26/26 MP: 3/7
  1983 | D:2      | Reached skill level 1 in Poison Magic
  2243 | D:2      | Reached skill level 1 in Air Magic
  2650 | D:3      | Noticed Grinder
  2768 | D:3      | Noticed Sigmund
  2786 | D:2      | Reached XP level 4. HP: 19/33 MP: 1/9
  2863 | D:2      | Learned a level 4 spell: Olgreb's Toxic Radiance
  3092 | D:3      | Found the amulet of Vitality {RegenMP++ Regen++}
  3205 | D:4      | Noticed Natasha
  3212 | D:4      | Killed Natasha
  3213 | D:4      | Reached skill level 4 in Spellcasting
  3213 | D:4      | Reached XP level 5. HP: 32/38 MP: 0/11
  3407 | D:4      | Noticed Natasha
  3422 | D:4      | Killed Natasha
  3446 | D:4      | Noticed Natasha
  3458 | D:4      | Slain by Natasha

Illustrated notes

Levels and vault maps discovered:
D:1:      minmay_arrival_radiant_lines, layout_rooms, serial_shops,
          nicolae_shop_hallway_stairs, minmay_shallow_snake_nest
D:2:      layout_basic, basic_ecumenical_altar
D:3:      corexii_shack_village, layout_rooms, serial_glass, glass_columns_a,
          glass_columns_b, ebering_ghost_reflecting_pool, uniq_grinder,
          uniq_sigmund
D:4:      layout_layer_cave, minmay_temple_entry_waves, serial_shops,
          nicolae_stop_n_shop_1, uniq_natasha

Skill      XL: |  1  2  3  4 |
---------------+-------------+-----
Poison Magic   | 1 2 |  2.7
Conjurations   | 2 |  2.3
Air Magic      | 1 |  1.3
Spellcasting   | 4 |  4.2
Dodging        | |  1.7
Stealth        | |  1.7
Summonings     | |  1.0
Translocations | |  1.0

Action                     |  1- 3 |  4- 6 || total
---------------------------+-------+-------++-------
  Melee: Dagger            |    28 |       ||    28
         Tailslap          |     7 |     2 ||     9
         Short sword       |    25 |    30 ||    55
   Cast: Magic Dart        |   119 |    19 ||   138
         Poisonous Vapours |       |    12 ||    12
    Use: Scroll            |       |     1 ||     1
         Potion            |       |     2 ||     2
   Stab: Sleeping          |       |     2 ||     2
 Armour: Skin              |    31 |     8 ||    39
  Dodge: Dodged            |    51 |    24 ||    75

Table legend: (Time is in decaauts)
 A = Elapsed time spent in this place.
 B = Non-inter-level travel time spent in this place.
 C = Inter-level travel time spent in this place.
 D = Time resting spent in this place.
 E = Time spent auto-exploring this place.
 F = Levels seen in this place.
 G = Mean time per level.
                   A        B        C        D        E       F      G
               +--------+--------+--------+--------+--------+-----+--------+
         Total |   3461 |   3157 |    304 |    723 |   1946 |   4 |  865.2 |
       Dungeon |   3461 |   3157 |    304 |    723 |   1946 |   4 |  865.2 |
               +--------+--------+--------+--------+--------+-----+--------+

Top non-repeatable levels by time:
     D:2: 1603 daAuts
     D:1: 1040 daAuts
     D:3: 457 daAuts
     D:4: 360 daAuts
